Map: Whispers of Gold

Players

DalrA - Winner!

  • Race: Terran Terran
  • League: Platinum
  • Spawn Location: 9:00

Ryu

  • Race: Protoss Protoss
  • League: Platinum
  • Spawn Location: 5:00

VOD

Have the link to the VOD?

Description

Time

  • Played on: April 22, 2025, 11:19 a.m.
  • Length: 14:19
Show
View Real Time Build Order
Export as new Build Order

DalrA Terran - Winner!

Build Orders: Reaper Expand 

Get SALT Encoding   

  12  0:00  SCV  
  13  0:12  SCV  
  14  0:17  Supply Depot  
  14  0:24  SCV  
  15  0:39  SCV  
  15  0:41  Barracks  
  16  0:45  Refinery  
  16  0:51  SCV  
  17  1:03  SCV  
  18  1:15  SCV  
  19  1:29  Orbital Command, Reaper  
  20  1:43  Command Center  
  20  1:50  Supply Depot  
  20  1:59  SCV  
  21  2:06  Marine  
  22  2:13  Factory  
  22  2:16  SCV  
  22  2:22  Refinery  
  23  2:29  Barracks Reactor  
  23  2:31  SCV  
  24  2:45  SCV  
  24  2:47  Bunker  
  25  2:56  Factory Tech Lab  
  25  2:57  Orbital Command  
  25  2:58  SCV  
  26  3:05  Marine  
  26  3:06  Marine  
  26  3:10  SCV  
  29  3:19  Cyclone  
  32  3:25  Marine x2  
  32  3:26  SCV x2  
  36  3:35  Starport  
  36  3:38  SCV x2  
  38  3:44  Marine x2  
  38  3:47  Supply Depot  
  40  3:50  SCV  
  40  3:52  Cyclone  
  40  3:54  SCV  
  45  4:02  SCV  
  46  4:04  Refinery  
  46  4:05  Supply Depot  
  46  4:09  SCV, Marine x2  
  49  4:14  SCV  
  49  4:17  Starport Tech Lab  
  49  4:21  SCV  
  49  4:22  Engineering Bay  
  50  4:26  SCV  
  50  4:28  Siege Tank  
  54  4:33  SCV  
  55  4:38  SCV  
  55  4:43  Supply Depot  
  55  4:45  SCV  
  57  4:47  Refinery  
  57  4:48  Barracks  
  57  4:53  Terran Infantry Weapons Level 1  
  57  4:55  Starport Tech Lab  
  57  4:59  SCV  
  58  5:01  Supply Depot  
  55  5:11  SCV  
  56  5:15  Engineering Bay  
  56  5:22  Siege Tank  
  56  5:24  SCV  
  56  5:27  Barracks  
  60  5:28  Supply Depot  
  60  5:30  SCV, Starport Reactor  
  60  5:33  Marine x2  
  63  5:42  SCV  
  64  5:45  SCV  
  64  5:49  Terran Infantry Armor Level 1  
  65  5:53  Command Center  
  65  5:59  SCV, Stimpack  
  65  6:03  Marauder, Marine x2  
  70  6:11  SCV  
  70  6:13  Siege Tank, Medivac  
  70  6:15  Medivac  
  78  6:23  Marine  
  78  6:24  Marauder  
  78  6:25  Marauder  
  84  6:30  Marine  
  84  6:33  Supply Depot  
  84  6:35  Supply Depot  
  84  6:38  SCV  
  85  6:42  Combat Shield  
  85  6:44  Armory  
  85  6:45  Marauder  
  85  6:46  Marauder, Marine  
  89  6:53  Medivac  
  89  6:54  Medivac  
  94  7:03  Marine  
  94  7:04  Factory Reactor  
  94  7:07  Orbital Command, Marauder  
  97  7:10  Marauder, Marine  
  100  7:15  Barracks  
  100  7:17  Barracks  
  100  7:18  SCV  
  101  7:25  Orbital Command  
  101  7:29  Marauder  
  103  7:32  SCV x2  
  103  7:34  Marine  
  103  7:35  Marauder  
  108  7:38  Concussive Shells  
  108  7:40  Medivac x2  
  108  7:43  Terran Infantry Weapons Level 2  
  108  7:44  SCV x2  
  113  7:50  Marauder  
  115  7:53  SCV  
  115  7:56  SCV x2  
  118  7:59  Marauder  
  118  8:04  Marauder  
  122  8:08  Supply Depot, Marine x2  
  122  8:09  Supply Depot, Barracks Tech Lab  
  124  8:19  SCV  
  125  8:26  Factory Reactor  
  125  8:29  Viking x2, Marauder x2  
  125  8:30  SCV x2  
  125  8:31  Marauder  
  133  8:38  Marine  
  133  8:40  SCV  
  132  8:42  SCV, Refinery  
  132  8:43  Refinery  
  123  8:51  Marauder x2, Marine  
  123  8:52  Marauder  
  123  8:53  SCV x2  
  123  8:55  SCV  
  133  8:56  Terran Infantry Armor Level 2  
  133  8:58  Supply Depot x2  
  133  8:59  Medivac  
  135  9:05  SCV, Marine  
  135  9:07  Medivac  
  139  9:12  Marauder  
  139  9:14  Missile Turret  
  139  9:15  Missile Turret  
  141  9:18  Supply Depot  
  141  9:19  Marine x2  
  141  9:20  Marauder x2, Marine  
  141  9:21  Supply Depot  
  148  9:30  Starport  
  148  9:31  Viking  
  150  9:32  Marine  
  150  9:34  Marauder  
  150  9:36  Supply Depot  
  150  9:37  Marine  
  154  9:41  Marauder x2  
  158  9:47  SCV  
  158  9:50  SCV x2  
  158  9:52  Command Center  
  161  9:55  Marauder  
  161  9:56  Marine  
  164  10:02  Marauder  
  164  10:03  Marauder  
  164  10:04  Missile Turret  
  164  10:05  Marine  
  169  10:10  Ghost Academy  
  169  10:16  Marauder  
  171  10:24  Marauder  
  168  10:34  Marauder, Marine  
  168  10:35  Liberator x2  
  157  10:38  Marauder  
  157  10:40  Marine  
  156  10:45  Marauder  
  156  10:48  Barracks x2  
  154  10:52  Marine  
  154  10:56  Marauder  
  155  11:02  Supply Depot, Terran Infantry Weapons Level 3  
  158  11:04  Factory Tech Lab  
  158  11:07  Terran Ship Weapons Level 1  
  158  11:09  Barracks, Fusion Core  
  161  11:14  Marine  
  150  11:27  Unknown, Marine  
  150  11:28  Marauder, Medivac  
  151  11:38  Marauder, Unknown  
  150  11:45  Unknown  
  150  11:46  SCV x3, Marauder  
  150  11:47  Barracks Tech Lab x2  
  155  11:49  Marauder, Liberator x2  
  155  11:53  Marine  
  155  11:54  Marine x3  
  165  12:00  Marauder  
  169  12:07  Marauder  
  171  12:10  Marauder  
  171  12:11  Marine  
  171  12:12  Marine x2  
  171  12:13  Marauder x2  
  180  12:22  Medivac  
  185  12:28  Planetary Fortress  
  185  12:29  SCV x2  
  190  12:35  Command Center, Refinery  
  190  12:38  Refinery  
  190  12:39  Sensor Tower  
  190  12:49  Unknown  
  190  12:57  Unknown  
  190  13:06  Marauder  
  190  13:07  Marauder x3  
  198  13:16  Starport  
  198  13:59  Marine x2  
  200  14:06  Starport Reactor  
  200  14:07  Command Center  
  200  14:10  Command Center  
Show
View Real Time Build Order
Export as new Build Order

Ryu Protoss 

Build Orders: Archon Immortal, Blink Stalkers 

Get SALT Encoding   

  12  0:00  Probe  
  13  0:13  Probe  
  14  0:18  Pylon  
  14  0:25  Probe  
  15  0:36  Probe  
  15  0:41  Gateway  
  16  0:44  Probe  
  17  0:52  Assimilator  
  17  0:53  Probe  
  18  1:03  Probe  
  19  1:15  Probe  
  20  1:27  Probe  
  20  1:31  Cybernetics Core  
  21  1:33  Pylon  
  21  1:42  Assimilator  
  21  1:44  Probe  
  22  1:56  Probe  
  23  2:03  Adept  
  25  2:17  Stargate  
  25  2:20  Probe  
  26  2:22  Warp Gate  
  26  2:30  Adept  
  26  2:37  Gateway, Twilight Council  
  27  2:38  Pylon  
  27  2:40  Gateway  
  27  2:55  Blink  
  27  3:01  Adept  
  28  3:21  Probe  
  28  3:23  Stalker  
  31  3:31  Stalker  
  31  3:32  Pylon  
  33  3:47  Stalker, Pylon  
  35  4:13  Stalker x2  
  39  4:24  Probe  
  39  4:28  Nexus  
  40  4:34  Sentry  
  38  4:46  Stalker  
  38  4:47  Stalker  
  36  5:11  Stalker x2  
  36  5:12  Stalker  
  42  5:33  Charge  
  42  5:34  Robotics Facility  
  38  5:52  Probe x2  
  40  6:00  Probe x2  
  40  6:08  Probe x2  
  44  6:20  Probe x2  
  44  6:23  Warp Prism  
  46  6:28  Probe  
  46  6:31  Pylon  
  50  6:32  Probe  
  50  6:36  Probe  
  50  6:45  Probe  
  52  6:47  Probe  
  52  6:50  Assimilator  
  52  6:51  Pylon, Immortal  
  52  6:53  Assimilator  
  53  6:57  Probe  
  53  7:00  Probe  
  59  7:08  Zealot x3  
  61  7:09  Probe  
  66  7:18  Probe  
  66  7:21  Probe  
  68  7:30  Pylon, Probe  
  68  7:32  Pylon  
  68  7:33  Probe  
  68  7:36  Immortal  
  74  7:41  Zealot x2  
  78  7:50  Gateway  
  78  7:56  Gateway x2  
  78  8:00  Templar Archives  
  78  8:17  Gateway  
  78  8:18  Gateway  
  78  8:23  Zealot x2  
  78  8:24  Zealot  
  78  8:25  Observer  
  67  8:44  Zealot x3  
  67  8:45  Zealot  
  63  8:54  Immortal  
  65  8:57  Psionic Storm  
  65  9:03  Shield Battery  
  65  9:04  High Templar  
  65  9:05  High Templar x2  
  65  9:06  High Templar x2  
  65  9:07  High Templar  
  65  9:08  Archon  
  77  9:10  Archon  
  77  9:11  Archon  
  77  9:16  Zealot  
  77  9:17  Zealot  
  81  9:29  Nexus  
  81  9:33  Pylon  
  81  9:43  Immortal  
  85  9:50  High Templar  
  85  9:51  High Templar  
  85  9:52  Zealot  
  91  9:55  Sentry  
  93  10:00  Zealot  
  95  10:10  Pylon  
  95  10:11  Pylon  
  95  10:13  Forge  
  91  10:24  Zealot x2  
  73  10:43  Zealot x3  
  73  10:44  Warp Prism  
  73  10:46  Archon  
  81  11:06  Probe x2  
  66  11:24  Zealot x3, High Templar  
  66  11:25  High Templar x3  
  46  11:47  Probe x2  
  46  11:50  Zealot x3  
  58  12:14  Pylon  
  58  12:16  Immortal  
  58  12:20  Nexus  
  58  12:27  High Templar x2  
  58  12:28  Zealot x3  
  68  12:30  Sentry  
  70  12:37  Zealot  
  72  12:55  Warp Prism  
  74  13:06  Zealot x2  
  76  13:37  Zealot x2  
  76  13:38  Zealot, High Templar x2  
  76  13:40  Zealot x2  
  79  14:14  Archon x2  
Tags
 
Add a new tag
Caveats
  • Supply blocks, unpowered buildings, or Contaminate may cause inaccurate times.
  • Supply counts are checked every 10 seconds.